 Seeded DCSS version 0.31-a0-1-g4198be8af4 (webtiles) character file.

Game seed: 548224908236487523 (custom seed)

17 Pimp the Covered (level 2, -2/19 HPs)
             Began as a Tengu Fighter on May 2, 2023.
             Killed by divine providence
             ... invoked by an orc priest
              (13 damage)
             ... on level 3 of the Dungeon.
             The game lasted 00:00:49 (536 turns).

Pimp the Covered (Tengu Fighter)                     Turns: 536, Time: 00:00:49

Health: -2/19      AC:  8    Str: 16    XL:     2   Next: 62%
Magic:  3/3        EV:  8    Int:  8    God:
Gold:   115        SH:  4    Dex: 13    Spells: 1/1 levels left

rFire   . . .        a - +0 trident
rCold   . . .        c - +0 buckler
rNeg    . . .        b - +0 scale mail
rPois   .            (helmet restricted)
rElec   .            g - +0 cloak
rCorr   .            (no gloves)
SInv    .            (boots unavailable)
Will    .....        (no amulet) Stlth
                     (no ring)
HPRegen 0.23/turn    (no ring)
MPRegen 0.08/turn

%: no passive effects
@: no status effects
A: beak, talons 3
a: no special abilities


You were on level 3 of the Dungeon.
You visited 1 branch of the dungeon, and saw 3 of its levels.

You collected 115 gold pieces.

Inventory:

Hand Weapons
 a - a +0 trident (weapon)
Armour
 b - a +0 scale mail (worn)
 c - a +0 buckler (worn)
 g - a +0 cloak (worn)
Scrolls
 e - a scroll of identify {unknown}
 f - a scroll of blinking {unknown}
 l - a scroll of magic mapping {unknown}
Potions
 d - a potion of might
 h - a potion of magic {unknown}
 i - 2 potions of haste {unknown}
 j - a potion of ambrosia {unknown}
 k - a potion of curing {unknown}


   Skills:
 + Level 3.2 Fighting
 + Level 2.5 Polearms
 + Level 3.5 Armour
 + Level 3.2 Shields


You had one spell level left.
You didn't know any spells.
Your spell library was empty.

Dungeon Overview and Level Annotations

Branches:
Dungeon (2/15)

Altars:
Xom


Innate Abilities, Weirdness & Mutations

You have a beak for a mouth.
You have claws for feet.


Message History

The jackal is moderately wounded.
The jackal bites you but does no damage.
You block the jackal's attack.
You hit the jackal but do no damage. You claw the jackal.
You kill the jackal!
You now have 85 gold pieces (gained 11).
Done exploring.
Done exploring.
Done exploring.
There is a stone staircase leading down here.
You climb downwards.
Found 12 gold pieces and a bubbling green potion.
There is a stone staircase leading up here.
Found a scroll labelled PAULYOLAIF and a metallic golden potion.
k - a bubbling green potion You now have 97 gold pieces (gained 12).
l - a scroll labelled PAULYOLAIF A sourceless malevolence fills the Dungeon...
You fall into a shaft and drop 1 floor!
The shaft crumbles and collapses.
Found 82 gold pieces.
Found a shimmering altar of Xom.
You now have 115 gold pieces (gained 18). 2 orcs come into view.
Found a bubbling green potion.
The orc shouts! x2
An orc comes into view. It is wielding a +0 falchion.
The orc shouts!
An orc priest comes into view. It is wielding a +0 hand axe.
The orc throws a boomerang.
The boomerang hits you but does no damage.
The orc hits you with a +0 club.
You barely miss the orc. You claw the orc.
The orc is heavily wounded.
The orc barely misses you. The orc hits you with a +0 falchion.
You hit the orc. Your kick misses the orc.
The orc is heavily wounded.
The orc priest invokes the aid of Beogh against you.
Beogh smites you!
Ouch! That really hurt!
You die...

#........
#.#######.!.##
##.#.....#.....
##..#..$$.#...#
#...#$._$.+...#
#.#.#.$$..#...#
#.#.#..$..#o..#
#.#.#######o..#
#.........@oo.#
###.##.#.###..#
#...#.#.# .#
#.#.#.... # #.
.###.## #. ##
#.# #. #.# #.#


You could see an orc priest and 3 orcs.

Vanquished Creatures
  A dart slug (D:1)
  A bat (D:1)
  2 endoplasms (D:1)
  A goblin (D:1)
  A hobgoblin (D:1)
  3 jackals (D:1)
  A kobold (D:1)
  A ball python (D:1)
  2 frilled lizards (D:1)
13 creatures vanquished.

Notes
Turn   | Place    | Note
-------+----------+-------------------------------------------
     0 | D:1      | Pimp the Tengu Fighter began the quest for the Orb.
     0 | D:1      | Reached XP level 1. HP: 14/14 MP: 2/2
   240 | D:1      | Reached XP level 2. HP: 19/19 MP: 3/3
   521 | D:2      | You fall into a shaft and drop 1 floor!
   521 | D:3      | Found a shimmering altar of Xom.
   536 | D:3      | Killed from afar by an orc priest

Illustrated notes

Levels and vault maps discovered:
D:1:      evilmike_arrival_rings, layout_rooms, serial_glass, glass_columns_c,
          glass_columns_a, glass_columns_a, glass_columns_a
D:2:      layout_loops_corners, shapermc_ecumenical_altar_totnotflames
D:3:      corexii_shack_village, layout_loops_ring, amcnicky_altar_gilded,
          st_stairs_13, chequers_serial_rivers_room_a

Action                     || total
---------------------------++-------
  Melee: Trident           ||    26
         Kick              ||     7
         Peck              ||     6
 Armour: Scale mail        ||    15
  Dodge: Dodged            ||    15
  Block: Buckler           ||    13

Table legend: (Time is in decaauts)
 A = Elapsed time spent in this place.
 B = Non-inter-level travel time spent in this place.
 C = Inter-level travel time spent in this place.
 D = Time resting spent in this place.
 E = Time spent auto-exploring this place.
 F = Levels seen in this place.
 G = Mean time per level.
                   A        B        C        D        E       F      G
               +--------+--------+--------+--------+--------+-----+--------+
         Total |    541 |    524 |     17 |      0 |    382 |   3 |  180.3 |
       Dungeon |    541 |    524 |     17 |      0 |    382 |   3 |  180.3 |
               +--------+--------+--------+--------+--------+-----+--------+

Top non-repeatable levels by time:
     D:1: 507 daAuts
     D:2: 18 daAuts
     D:3: 15 daAuts
